 Dungeon Crawl Stone Soup version 0.27.0-1-g7a089689b8 (webtiles) character file.

Game seed: 9333378064755334637

18 Malachi the Sneak (level 2, 0/22 HPs)
             Began as a Naga Enchanter on Aug 12, 2021.
             Slain by a goblin (4 damage)
             ... on level 1 of the Dungeon.
             The game lasted 00:02:00 (590 turns).

Malachi the Sneak (Naga Enchanter)                   Turns: 590, Time: 00:02:00

Health: 0/22       AC:  2    Str: 10    XL:     2   Next: 66%
Magic:  4/5        EV:  9    Int: 15    God:
Gold:   14         SH:  0    Dex: 11    Spells: 4/5 levels left

rFire    . . .     SeeInvis +   a - +1 dagger
rCold    . . .     Faith    .   (no shield)
rNeg     . . .     Spirit   .   b - +0 robe
rPois    +         Reflect  .   (no helmet)
rElec    .         Harm     .   (no cloak)
rCorr    .         Rampage  .   d - +0 pair of gloves
Will     .....                  (no barding)
Stlth    +++.......             (no amulet)
HPRegen  0.07/turn              (no ring)
MPRegen  0.09/turn              (no ring)

@: very slow
A: AC +0, large, see invisible, deformed body, poison resistance, slowness 2,
spit poison 1, naga tail 1
a: Spit Poison


You were on level 1 of the Dungeon.
You visited 1 branch of the dungeon, and saw 1 of its levels.

You collected 14 gold pieces.

Inventory:

Hand Weapons
 a - a +1 dagger (weapon)
Armour
 b - a +0 robe (worn)
 d - a +0 pair of gloves (worn)
Potions
 c - a potion of attraction {unknown}


   Skills:
 + Level 1.1 Short Blades
 + Level 1.6 Dodging
 * Level 5.2 Stealth
 + Level 2.0 Spellcasting
 + Level 3.3 Hexes


You had 4 spell levels left.
You knew the following spells:

 Your Spells              Type           Power      Damage    Failure   Level
a - Corona                Hex            12%        N/A       5%          1

Your spell library contained the following spells:

 Spells                   Type           Power      Damage    Failure   Level
 Ensorcelled Hibernation  Hex/Ice        12%        N/A       17%         2
 Confusing Touch          Hex            11%        N/A       17%         3
 Tukima's Dance           Hex            11%        N/A       17%         3
 Dazzling Flash           Conj/Hex       12%        N/A       32%         3


Dungeon Overview and Level Annotations

Branches:
Dungeon (1/15)

Altars:

Shops:
D:1 [


Innate Abilities, Weirdness & Mutations

Your serpentine skin is tough. (AC +0)
You have supernaturally acute eyesight. (SInv)
Armour fits poorly on your strangely shaped body.
Your system is resistant to poisons. (rPois)
You cover ground very slowly.
You can spit poison.
You have a snake-like lower body.


Message History

a +0 dagger; a goblin corpse You start resting.
A hobgoblin comes into view. It is wielding a +0 club.
A hobgoblin is nearby!
A hobgoblin is nearby!
Press: ? - help, Shift-Dir - straight line, f - hobgoblin
Aim: a hobgoblin, wielding a +0 club (wandering, hasn't noticed you)
The splash of poison hits the hobgoblin but does no damage.
The hobgoblin is poisoned.
The hobgoblin shouts!
You see here a +0 leather armour.
You kill the hobgoblin!
You have got your breath back.
A goblin comes into view. It is wielding a +0 mace.
Press: ? - help, Shift-Dir - straight line, f - goblin
Aim: a goblin, wielding a +0 mace and wearing a +6 ring of intelligence The splash of poison misses the goblin.
The goblin barely misses you.
Casting: Corona (safe; 5% risk of failure)
Confirm with . or Enter, or press ? or * to list all spells.
Aiming: Corona (safe; 5% risk of failure)
Press: ? - help, Shift-Dir - straight line, f/p - goblin
Aim: a goblin, wielding a +0 mace and wearing a +6 ring of intelligence (chance to affect: 64%)
The goblin is outlined in light.
The goblin hits you with a +0 mace!
You are too injured to fight recklessly!
You are too injured to fight recklessly!
You are too injured to fight recklessly!
You are too injured to fight recklessly!
You hit the goblin.
The goblin is moderately wounded.
You have got your breath back.
The goblin hits you with a +0 mace.
You closely miss the goblin.
The goblin is moderately wounded.
The goblin hits you with a +0 mace.
* * * LOW HITPOINT WARNING * * *
You barely miss the goblin.
The goblin is moderately wounded.
The goblin hits you with a +0 mace.
You die...

g########### #.##
..........# #..#
#g........# ##.#
#)........# #.#
###.).......# #..
#####..[........# ##.
...#.#.........# #.
####.#.g.........######
#.....@##.....#####....
#.............# #....
#......######.# #....
####...############....
........................
#####...############....
#...# #.... #...# #.[..
#...# #....


You could see a goblin (corona).

Vanquished Creatures
  A dart slug (D:1)
  A ball python (D:1)
  2 endoplasms (D:1)
  A giant cockroach (D:1)
  2 goblins (D:1)
  A hobgoblin (D:1)
  A quokka (D:1)
  2 bats (D:1)
  A frilled lizard (D:1)
  2 rats (D:1)
14 creatures vanquished.

Notes
Turn   | Place    | Note
-------+----------+-------------------------------------------
     0 | D:1      | Malachi the Naga Enchanter began the quest for the Orb.
     0 | D:1      | Reached XP level 1. HP: 15/15 MP: 3/3
    30 | D:1      | Found Fabbasch's Armour Emporium.
    71 | D:1      | Reached XP level 2. HP: 18/22 MP: 5/5
    82 | D:1      | Found a faded altar of an unknown god.
   208 | D:1      | Reached skill level 5 in Stealth
   590 | D:1      | Slain by a goblin

Illustrated notes

Levels and vault maps discovered:
D:1:      amcnicky_arrival_underground_garden, layout_basic, serial_shops, shop,
          basic_ecumenical_altar, minmay_pentomino_w4

Skill      XL: |  1  2 |
---------------+-------+-----
Stealth        | 5 |  5.2
Short Blades   | |  1.1
Dodging        | |  1.6
Spellcasting   | |  2.0
Hexes          | |  3.3

Action                   || total
-------------------------++-------
Melee: Dagger            ||    38
 Cast: Corona            ||     7
 Abil: Spit Poison       ||     4
 Stab: Sleeping          ||     4
Armor: Robe              ||    10
Dodge: Dodged            ||    22
